 Dungeon Crawl Stone Soup version 0.31-a0-859-g9dce7d3444 (webtiles) character file.

Game seed: 1671489169085376860

79 wvc the Firebug (level 4, -3/24 HPs)
             Began as a Gargoyle Fire Elementalist on Oct 9, 2023.
             Slain by an ogre
             ... wielding a +0 giant club
              (23 damage)
             ... on level 4 of the Dungeon.
             The game lasted 00:08:53 (3143 turns).

wvc the Firebug (Gargoyle Fire Elementalist)        Turns: 3143, Time: 00:08:54

Health: -3/24      AC:  7    Str: 12    XL:     4   Next: 37%
Magic:  15/17      EV: 11    Int: 17    God:
Gold:   134        SH:  0    Dex: 10    Spells: 2/8 levels left

rFire   + . .        g - staff of fire
rCold   . . .        (no shield)
rNeg    + . .        a - +0 robe
rPois   ∞            k - +1 helmet
rElec   +            (no cloak)
rCorr   .            (no gloves)
SInv    .            (no boots)
Will    .....        (no amulet)
Stlth   ++           c - ring of magical power
HPRegen 0.24/turn    (no ring)
MPRegen 0.15/turn

%: no passive effects
@: no status effects
A: sickness immunity, AC +3, negative energy resistance 1, electricity
resistance, torment resistance 1, petrification resistance
a: no special abilities


You were on level 4 of the Dungeon.
You visited 1 branch of the dungeon, and saw 4 of its levels.

You collected 134 gold pieces.

Inventory:

Missiles
 o - 7 poisoned darts
Armour
 a - a +0 robe (worn)
 k - a +1 helmet (worn)
 l - an orb of wrath
Magical Staves
 g - a staff of fire (weapon)
Jewellery
 c - a ring of magical power (left hand)
Scrolls
 d - 2 scrolls of enchant armour
 h - a scroll of fog
 i - a scroll of silence {unknown}
 j - a scroll of identify
Potions
 b - a potion of magic
 e - 2 potions of haste
 f - a potion of ambrosia
 m - a potion of attraction {unknown}
 n - a potion of brilliance {unknown}


   Skills:
 - Level 1.5 Dodging
 - Level 2.1 Stealth
 + Level 2.7 Spellcasting
 * Level 2.2 Conjurations
 + Level 4.1 Fire Magic


You had 2 spell levels left.
You knew the following spells:

 Your Spells              Type           Power      Damage    Failure   Level
a - Foxfire               Conj/Fire      76%        2x1d7     4%          1
b - Scorch                Fire           48%        2d7       4%          2
c - Inner Flame           Hex/Fire       14%        N/A       22%         3

Your spell library contained the following spells:

 Spells                   Type           Power      Damage    Failure   Level
 Necrotise                Necr           8%         1d4       19%         1
 Sting                    Tmut/Pois      8%         1d3       19%         1
 Poisonous Vapours        Pois/Air       4%         N/A       26%         2
 Volatile Blastmotes      Fire/Tloc      28%        2d12      22%         3
 Flame Wave               Conj/Fire      19%        2d7       43%         4
 Ozocubu's Armour         Ice            2%         N/A       47%         3
 Tukima's Dance           Hex            2%         N/A       47%         3
 Vampiric Draining        Necr           2%         2d6       47%         3
 Iskenderun's Mystic Bla  Conj/Tloc      6%         2d4       75%         4
 Dimensional Bullseye     Hex/Tloc       1%         N/A       87%         4
 Olgreb's Toxic Radiance  Pois           2%         N/A       87%         4
 Agony                    Necr           2%         N/A       99%         5
 Ozocubu's Refrigeration  Ice            1%         4d7       100%        7


Dungeon Overview and Level Annotations

Branches:
Dungeon (4/15)
 Temple: D:4-7

Altars:
Dithmenos
Wu Jian
Zin

Annotations:
D:2 Sigmund
D:4 Ijyb


Innate Abilities, Weirdness & Mutations

You are immune to sickness and miasma.
Your stone body is resilient. (AC +3)
You are immune to poison.
You resist negative energy. (rN+)
You are resistant to electric shocks. (rElec)
You are resistant to unholy torment.
You are immune to petrification.


Message History

Found a robe.
A bat is nearby!
The bat hits you but does no damage. x2
Casting: Foxfire (safe; 4% risk of failure)
Press: ? - help, Q - select action, (/) - cycle Dir - look around, f - activate You feel a surge of power!
You conjure some foxfire!
The bat barely misses you.
The foxfire hits the bat!
You kill the bat!
Your foxfire dissipates!
You pick up a Young Poisoner's Handbook and begin reading...
You add the spells Sting, Poisonous Vapours and Olgreb's Toxic Radiance to your library.
Okay, then.
You see here a bat corpse.
Found a leather armour.
You see here a +0 short sword.
You see here a +0 dagger.
You now have 134 gold pieces (gained 16).
Partly explored, can't reach some places.
Partly explored, can't reach some places.
Partly explored, can't reach some places.
There is a stone staircase leading down here.
You climb downwards.
Ijyb shouts!
The ogre shouts!
The howler monkey howls!
Found seven items.
Found a stone staircase leading up.
There is a stone staircase leading up here.
Casting: Foxfire (safe; 4% risk of failure)
Confirm with . or Enter, or press ? or * to list all spells.
You feel a surge of power!
Flames lash Ijyb but do no damage.
The endoplasm quivers.
The dart slug launches a dart at you. The slug dart hits you.
The dart slug launches a dart at you. The slug dart hits you.
The dart slug launches a dart at you. The slug dart hits you.
The dart slug launches a dart at you.
The slug dart hits you but does no damage.
The ogre hits you with a +0 giant club!!
Ouch! That really hurt!
You die...

?.. ~≈w≈≈≈#...
..~≈ ≈~~~≈w~≈##
.~≈≈#≈≈.!≈≈≈≈~#
w~≈≈≈#.(.~≈≈≈≈
~≈≈#≈~~..~≈≈##~
~≈≈≈≈≈~g~≈≈≈≈≈#
~~≈≈~~.[.~~~≈≈w
w~~≈~~.@.J~~~≈≈
~≈~~~~.O<~≈≈~≈~
~≈≈≈≈≈~.~≈≈≈~~~
g≈≈≈≈~~h~≈#≈#w≈
w≈≈≈#~/.~♣≈ # .
.~≈≈≈~.♣.≈≈≈
.##≈~≈~ ~≈ ≈~
#w#≈~ ~≈≈w##


You could see an ogre, Ijyb, a howler monkey, 9 dart slugs, an endoplasm and a
hobgoblin (wandering).

Vanquished Creatures
  An adder (D:3)
  3 worms (D:2)
  A dart slug (D:1)
  11 ball pythons
  6 bats
  3 endoplasms
  3 giant cockroaches
  3 goblins
  6 hobgoblins
  2 jackals (D:2)
  4 quokkas
  3 frilled lizards
  6 kobolds
  3 rats
55 creatures vanquished.

Vanquished Creatures (collateral kills)
  A foxfire (D:2)
1 creature vanquished.

Vanquished Creatures (others)
  94 foxfires
94 creatures vanquished.

Grand Total: 150 creatures vanquished

Notes
Turn   | Place    | Note
-------+----------+-------------------------------------------
     0 | D:1      | wvc the Gargoyle Fire Elementalist began the quest for the
                  | Orb.
     0 | D:1      | Reached XP level 1. HP: 10/10 MP: 3/3
   230 | D:1      | Reached XP level 2. HP: 15/15 MP: 5/5
   721 | D:2      | Found a faded altar of an unknown god.
   749 | D:2      | Reached XP level 3. HP: 19/19 MP: 6/6
   820 | D:2      | Noticed Sigmund
  1178 | D:2      | Learned a level 2 spell: Scorch
  2129 | D:3      | Reached skill level 4 in Fire Magic
  2129 | D:3      | Reached XP level 4. HP: 24/24 MP: 7/7
  2164 | D:3      | Found an ornate altar of the Wu Jian Council.
  2275 | D:3      | Found a glowing silver altar of Zin.
  2523 | D:3      | Found a shadowy altar of Dithmenos.
  2747 | D:3      | Learned a level 3 spell: Inner Flame
  3141 | D:4      | Noticed Ijyb
  3141 | D:4      | Noticed an ogre
  3143 | D:4      | Slain by an ogre

Illustrated notes

Levels and vault maps discovered:
D:1:      sevenhm_arrival_forest_fort_small_4, layout_rooms
D:2:      layout_loops_ring, shapermc_ecumenical_altar_gd, minmay_hedge_maze,
          minivault_4, grunt_decor_junction, minmay_puff, uniq_sigmund
D:3:      layout_basic, zin_statuary, general_overflow_altar,
          mainiacjoe_overflow_small_starburst
D:4:      kennysheep_slugbush, layout_rooms, uniq_ijyb, uniq_eustachio,
          uniq_pikel

Skill      XL: |  1  2  3 |
---------------+----------+-----
Conjurations   | 2 |  2.2
Fire Magic     | 4 |  4.1
Dodging        | |  1.5
Stealth        | |  2.1
Spellcasting   | |  2.7

Action                     |  1- 3 |  4- 6 || total
---------------------------+-------+-------++-------
  Melee: Staff             |    22 |     1 ||    23
   Cast: Foxfire           |    53 |     4 ||    57
         Scorch            |    17 |    16 ||    33
    Use: Scroll            |       |     7 ||     7
   Stab: Sleeping          |     1 |       ||     1
 Armour: Robe              |    24 |     8 ||    32
  Dodge: Dodged            |    22 |     4 ||    26

Table legend: (Time is in decaauts)
 A = Elapsed time spent in this place.
 B = Non-inter-level travel time spent in this place.
 C = Inter-level travel time spent in this place.
 D = Time resting spent in this place.
 E = Time spent auto-exploring this place.
 F = Levels seen in this place.
 G = Mean time per level.
                   A        B        C        D        E       F      G
               +--------+--------+--------+--------+--------+-----+--------+
         Total |   3146 |   3072 |     74 |     28 |   2533 |   4 |  786.5 |
       Dungeon |   3146 |   3072 |     74 |     28 |   2533 |   4 |  786.5 |
               +--------+--------+--------+--------+--------+-----+--------+

Top non-repeatable levels by time:
     D:2: 1489 daAuts
     D:3: 1035 daAuts
     D:1: 620 daAuts
     D:4: 1 daAuts
